 Dungeon Crawl Stone Soup version 0.29-a0-1019-g84f7d21838 (webtiles) character file.

Game seed: 9050995170688482622

38017 Zonian the Covert (level 14, -13/110 HPs)
             Began as a Gnoll Brigand on Aug 9, 2022.
             Was a High Priest of Jiyva.
             Mangled by a seven-headed hydra (37 damage)
             ... on level 5 of the Lair of Beasts on Aug 11, 2022.
             The game lasted 00:48:48 (15260 turns).

Zonian the Covert (Gnoll Brigand)                  Turns: 15260, Time: 00:48:49

Health: -13/110    AC:  5    Str: 15    XL:     14   Next: 0%
Magic:  29/29      EV:  2    Int: 17    God:    Jiyva [*****.]
Gold:   536        SH:  0    Dex: 20    Spells: 27/31 levels left

rFire   + + +      SeeInvis +   t - +1 trident (freeze)
rCold   . . .      Faith    .   (no shield)
rNeg    . . .      Spirit   .   l - +1 leather armour of the Vacuum {Int+2}
rPois   +          Reflect  .   (no helmet)
rElec   .          Harm     .   c - +0 cloak
rCorr   +          Rampage  .   (no gloves)
Will    +....                   (no boots)
Stlth   ++++++....              m - amulet of regeneration
HPRegen 2.52/turn               q - ring of poison resistance
MPRegen 0.66/turn               F - +6 ring of intelligence

@: sleeping, calling ooze
A: fangs 1, strong nose, distributed training, see invisible, agile 1, fire
resistance 3, high MP 1, strong 1, pseudopods 1, translucent skin 2, jelly
absorbing missiles, engulf
a: Renounce Religion, Oozemancy, Slimify


You were on level 5 of the Lair of Beasts.
You worshipped Jiyva.
Jiyva was extremely pleased with you.
You visited 2 branches of the dungeon, and saw 16 of its levels.

You collected 536 gold pieces.

Inventory:

Hand Weapons
 k - a +3 war axe of flaming
 t - a +1 trident of freezing (weapon)
 u - a +2 morningstar
 w - a +4 halberd
 x - a +3 dagger of freezing
 y - a +2 dagger of venom
 z - a +1 long sword of protection
 A - a +1 dagger of flaming
 C - a +4 quarterstaff of chaos
 H - a +5 mace
 I - a +3 halberd of freezing
 M - a +1 flail of draining
 R - a +2 vampiric dagger
 T - a +2 war axe of draining
 Y - a +2 whip of venom
Missiles
 d - 20 poisoned darts (quivered)
 e - 7 curare-tipped darts
 g - 6 boomerangs
Armour
 c - a +0 cloak (worn)
 l - the +1 leather armour of the Vacuum (worn) {Int+2}
   (You found it on level 5 of the Dungeon)

   Int:       It affects your intelligence (+2).
 K - a +0 buckler
 N - a +0 troll leather armour
 W - an orb of energy
 X - a +2 chain mail of poison resistance
Jewellery
 b - a ring of magical power
 m - an amulet of regeneration (around neck)
 p - an amulet of reflection
 q - a ring of poison resistance (left hand)
 r - a ring of flight
 v - a ring of ice
 F - a +6 ring of intelligence (right hand)
Wands
 f - a wand of flame (37)
 G - a wand of roots (1)
 O - a wand of polymorph (6)
 Q - a wand of charming (6)
Scrolls
 n - 4 scrolls of teleportation
 E - a scroll of poison
 P - a scroll of identify
 S - 5 scrolls of fear
 V - a scroll of magic mapping
Potions
 a - a potion of invisibility {unknown}
 h - 3 potions of cancellation {unknown}
 i - 6 potions of curing
 j - a potion of lignification {unknown}
 o - a potion of berserk rage {unknown}
 s - 2 potions of attraction
 B - 2 potions of flight {unknown}
 D - 2 potions of magic {unknown}
 J - a potion of haste
 L - a potion of mutation
 U - a potion of resistance {unknown}
 Z - a potion of degeneration {unknown}


   Skills:
 + Level 10.2 Fighting
 + Level 10.2 Short Blades
 + Level 9.1 Long Blades
 + Level 9.1 Axes
 + Level 9.1 Maces & Flails
 + Level 9.1 Polearms
 + Level 9.1 Staves
 + Level 9.1 Ranged Weapons
 + Level 10.2 Throwing
 + Level 9.1 Armour
 + Level 9.5 Dodging
 + Level 11.9 Stealth
 + Level 9.1 Shields
 + Level 9.1 Unarmed Combat
 + Level 9.1 Spellcasting
 + Level 7.6 Conjurations
 + Level 7.6 Hexes
 + Level 7.6 Summonings
 + Level 7.6 Necromancy
 + Level 7.6 Translocations
 + Level 7.6 Transmutations
 + Level 7.6 Fire Magic
 + Level 7.6 Ice Magic
 + Level 7.6 Air Magic
 + Level 7.6 Earth Magic
 + Level 7.6 Poison Magic
 + Level 9.9 Invocations
 + Level 9.1 Evocations


You had 27 spell levels left.
You knew the following spells:

 Your Spells              Type           Power      Damage    Failure   Level
a - Iskenderun's Mystic   Conj/Tloc      33%        2d8       4%          4

Your spell library contained the following spells:

 Spells                   Type           Power      Damage    Failure   Level
 Apportation              Tloc           66%        N/A       1%          1
 Beastly Appendage        Tmut           66%        N/A       1%          1
 Sublimation of Blood     Necr           33%        N/A       1%          2
 Wereblood                Tmut           33%        N/A       1%          2
 Dazzling Flash           Conj/Hex       66%        N/A       1%          3
 Frozen Ramparts          Ice            66%        1d10      1%          3
 Spider Form              Tmut/Pois      33%        N/A       1%          3
 Ice Form                 Ice/Tmut       33%        N/A       4%          4
 Summon Ice Beast         Ice/Summ       33%        N/A       4%          4
 Alistair's Intoxication  Tmut/Pois      22%        N/A       14%         5
 Starburst                Conj/Fire      16%        6d6       58%         6
 Summon Hydra             Summ           16%        N/A       99%         7


Dungeon Overview and Level Annotations

Branches:
Dungeon (11/15)              Lair (5/5) D:11         Shoals (0/4) Lair:2
  Snake (0/4) Lair:2        Slime (0/5) Lair:4          Orc (0/2) D:11
 Temple: D:4-7

Altars:
Elyvilon
Gozag
Kikubaaqudgha
Okawaru
Sif Muna
Uskayaw
Jiyva

Shops:
D:3 (   D:9 :   D:10 :

Annotations:
D:5 1 runed translucent door, Sekkong's ghost, novice MiFi
Lair:5 Snorg


Innate Abilities, Weirdness & Mutations

You have very sharp teeth.
Your uncanny sense of smell can sniff out nearby items.
Your experience applies equally to all skills.
You have supernaturally acute eyesight. (SInv)
You are agile. (Dex +4, Str/Int -1)
Your flesh is almost immune to the effects of heat. (rF+++)
You have an increased reservoir of magic. (+10% MP)
Your muscles are strong. (Str +4, Int/Dex -1)
Armour fits poorly on your pseudopods.
Your translucent skin reduces your foes' accuracy. (Stealth+)
You have a small jelly attached to you that may absorb projectiles.
Your melee attacks may engulf your foes in ooze.


Message History

You bite the seven-headed hydra, but do no damage.
The seven-headed hydra is moderately wounded.
The dream sheep misses you.
The wall burns the dream sheep!
The walls burn the seven-headed hydra!
The seven-headed hydra bites you.
The seven-headed hydra completely misses you.
The seven-headed hydra closely misses you.
The seven-headed hydra completely misses you.
The seven-headed hydra barely misses you.
The seven-headed hydra bites you! x2
You hit the seven-headed hydra.
The seven-headed hydra seems to slow down.
You freeze the seven-headed hydra.
You bludgeon the seven-headed hydra, but do no damage.
The seven-headed hydra is heavily wounded.
A dream sheep comes into view.
The dream sheep bites you!
The wall burns the dream sheep!
The dream sheep bleats!
You puncture the seven-headed hydra! You freeze the seven-headed hydra.
The seven-headed hydra is severely wounded.
You hear a bleat!
The seven-headed hydra is no longer moving slowly.
The walls burn the seven-headed hydra!
The seven-headed hydra bites you. The seven-headed hydra bites you!
* * * LOW HITPOINT WARNING * * *
The seven-headed hydra barely misses you.
The seven-headed hydra closely misses you.
The seven-headed hydra misses you.
The seven-headed hydra bites you but does no damage.
The seven-headed hydra misses you.
The dream sheep ruffle their wool and motes of dream dust sparkle, to no effect.
The dream sheep bites you.
* * * LOW HITPOINT WARNING * * *
The walls burn the dream sheep!
The dream sheep are wreathed in dream dust.
You feel drowsy...
You fall asleep.
The wall burns the dream sheep!
You hear a bleat!
You hear an angry squeal.
The walls burn the seven-headed hydra!
The seven-headed hydra bites you!!!
You die...

...P....#....# ∆
P...##†....P.#
....†....# ....†#..#.#
#.......## .........##
..........######
.#........##...####
#..............D@Y#.
##.............Y..Y.Y...
#..#.P<.......T.........
........................
................###...#.
......P........## #...#
#....P.........P# #..#
##............### ...
#....##.....P.}


You could see Snorg, a seven-headed hydra and 4 dream sheep.

Vanquished Creatures
  A yaktaur captain (D:10)
  Fannar (Lair:3)
  2 hydras
  3 two-headed ogres
  A centaur warrior (D:10)
  6 death yaks (Lair:4)
  Sonja (Lair:3)
  A deep elf pyromancer (D:11)
  An orc knight (D:10)
  A cyclops (D:10)
  7 black mambas
  2 merfolk sirens (Lair:2)
  5 elephants
  6 cane toads
  2 rime drakes
  A komodo dragon (Lair:4)
  2 merfolk (Lair:2)
  2 trolls (D:10)
  A hornet (D:7)
  4 dream sheep
  11 blink frogs
  2 shadows
  8 spriggans (Lair:2)
  A vampire (D:11)
  5 wyverns
  A basilisk (Lair:3)
  46 yaks
  A steam dragon (D:8)
  Menkaure (D:5)
  12 water moccasins
  An acid dragon (D:9)
  A swamp drake (D:11)
  An ice beast (D:6)
  A sky beast (D:6)
  An ogre (D:5)
  3 orc warriors
  A black bear (D:6)
  5 centaurs
  3 wolves (Lair:1)
  3 kobold brigands
  11 bullfrogs
  A scorpion (D:5)
  2 necrophages
  17 wights
  Dowan (D:4)
  An electric eel (Lair:3)
  4 howler monkeys
  An orc priest (D:9)
  Crazy Yiuf (D:7)
  Natasha (D:4)
  5 iguanas
  11 orc wizards
  3 adders
  2 shadow imps
  A dart slug (D:3)
  33 orcs
  3 endoplasms (D:1)
  3 giant cockroaches (D:1)
  3 hobgoblins
  2 jackals (D:1)
  14 kobolds
  2 ball pythons (D:1)
  3 bats
  2 frilled lizards (D:1)
  3 rats
  A spectral goblin (D:1)
289 creatures vanquished.

Vanquished Creatures (collateral kills)
  3 death yaks (Lair:1)
  A cyclops (D:11)
  A black mamba (Lair:3)
  A komodo dragon (D:11)
  A blink frog (Lair:1)
  2 dream sheep (Lair:3)
  A bullfrog (Lair:3)
10 creatures vanquished.

Vanquished Creatures (others)
  A hornet (D:8)
  A dream sheep (Lair:3)
  Sigmund (D:2)
  A wyvern (D:11)
  A steam dragon (D:8)
  2 water moccasins (Lair:2)
  Duvessa (D:4)
  Blork the orc (D:5)
  A bullfrog (Lair:2)
  A scorpion (D:6)
  2 wights
  55 jellies
  A hound (D:5)
  3 iguanas
  Natasha (twice) (D:4)
  2 adders (D:4)
  2 shadow imps (D:6)
  3 white imps
  A worm (D:3)
  2 dart slugs
  4 orcs
  2 bats
  5 endoplasms
  A goblin (D:3)
  4 hobgoblins
  2 kobolds
  2 quokkas
  A rat (D:3)
  44 fungi
  82 plants
  2 withered plants (D:5)
233 creatures vanquished.

Grand Total: 532 creatures vanquished

Notes
Turn   | Place    | Note
-------+----------+-------------------------------------------
     0 | D:1      | Zonian the Gnoll Brigand began the quest for the Orb.
     0 | D:1      | Reached XP level 1. HP: 20/20 MP: 1/1
   157 | D:1      | Reached XP level 2. HP: 26/26 MP: 2/2
   551 | D:1      | Found a faded altar of an unknown god.
   560 | D:1      | Prayed at the altar of an unknown god.
   560 | D:1      | Became a worshipper of Jiyva Jeseecra the Shapeless
   560 | D:1      | Reached * piety under Jiyva
   771 | D:2      | Reached XP level 3. HP: 29/31 MP: 2/4
   858 | D:2      | Noticed Sigmund
   860 | D:2      | Reached skill level 1 in Invocations
   862 | D:2      | Gained mutation: Potions are less effective at restoring
                  | your health. [potion of mutation]
   862 | D:2      | Gained mutation: Your muscles are strong. (Str +4, Int/Dex
                  | -1) [potion of mutation]
   862 | D:2      | Gained mutation: You are agile. (Dex +4, Str/Int -1)
                  | [potion of mutation]
  1122 | D:2      | Reached ** piety under Jiyva
  1319 | D:2      | Reached skill level 1 in Long Blades
  1319 | D:2      | Reached skill level 1 in Axes
  1319 | D:2      | Reached skill level 1 in Maces & Flails
  1319 | D:2      | Reached skill level 1 in Polearms
  1319 | D:2      | Reached skill level 1 in Staves
  1319 | D:2      | Reached skill level 1 in Ranged Weapons
  1319 | D:2      | Reached skill level 1 in Armour
  1319 | D:2      | Reached skill level 1 in Shields
  1319 | D:2      | Reached skill level 1 in Unarmed Combat
  1319 | D:2      | Reached skill level 1 in Spellcasting
  1319 | D:2      | Reached skill level 1 in Evocations
  1461 | D:2      | Killed Sigmund
  1662 | D:3      | Found Fairhoufa's Weapon Shoppe.
  1761 | D:3      | Reached *** piety under Jiyva
  1776 | D:3      | Lost mutation: Your muscles are strong. (Str +4, Int/Dex
                  | -1) [Jiyva's grace]
  1776 | D:3      | Gained mutation: You are partially covered in iridescent
                  | scales. (AC +2) [Jiyva's grace]
  1776 | D:3      | Gained mutation: You are mostly covered in iridescent
                  | scales. (AC +4) [Jiyva's grace]
  1776 | D:3      | Gained mutation: You are completely covered in iridescent
                  | scales. (AC +6) [Jiyva's grace]
  1776 | D:3      | Gained mutation: You expend magic power (3 MP) to
                  | strengthen your wands. [Jiyva's grace]
  1776 | D:3      | You fall into a shaft and drop 1 floor!
  1853 | D:3      | Reached XP level 4. HP: 38/38 MP: 5/5
  1979 | D:3      | Reached **** piety under Jiyva
  2441 | D:4      | Reached skill level 1 in Conjurations
  2441 | D:4      | Reached skill level 1 in Hexes
  2441 | D:4      | Reached skill level 1 in Summonings
  2441 | D:4      | Reached skill level 1 in Necromancy
  2441 | D:4      | Reached skill level 1 in Translocations
  2441 | D:4      | Reached skill level 1 in Transmutations
  2441 | D:4      | Reached skill level 1 in Fire Magic
  2441 | D:4      | Reached skill level 1 in Ice Magic
  2441 | D:4      | Reached skill level 1 in Air Magic
  2441 | D:4      | Reached skill level 1 in Earth Magic
  2441 | D:4      | Reached skill level 1 in Poison Magic
  2450 | D:4      | Noticed Natasha
  2463 | D:4      | Killed Natasha
  2464 | D:4      | Reached XP level 5. HP: 26/43 MP: 5/7
  2540 | D:4      | Killed Natasha
  2676 | D:4      | Noticed Duvessa
  2938 | D:4      | Noticed Dowan
  2974 | D:4      | Killed Dowan
  3022 | D:4      | Killed Natasha
  3073 | D:4      | Reached ***** piety under Jiyva
  3337 | D:4      | Killed Duvessa
  3784 | D:5      | Entered Level 5 of the Dungeon
  3784 | D:5      | Noticed an ogre
  3787 | D:5      | Noticed Menkaure
  3890 | D:5      | Reached skill level 8 in Stealth
  3923 | D:5      | Found a runed translucent door.
  3923 | D:5      | Noticed Sekkong's ghost (novice MiFi)
  3946 | D:5      | Killed Menkaure
  3947 | D:5      | Reached skill level 5 in Fighting
  3947 | D:5      | Reached skill level 5 in Short Blades
  3947 | D:5      | Reached skill level 5 in Throwing
  3947 | D:5      | Reached XP level 6. HP: 20/51 MP: 5/9
  3974 | D:5      | Killed Blork the orc
  4005 | D:5      | Lost mutation: You are completely covered in iridescent
                  | scales. (AC +6) [Jiyva's grace]
  4005 | D:5      | Gained mutation: You are covered in slimy tendrils that may
                  | disarm your opponents. [Jiyva's grace]
  4005 | D:5      | Gained mutation: Your translucent skin slightly reduces
                  | your foes' accuracy. (Stealth+) [Jiyva's grace]
  4005 | D:5      | Gained mutation: Your translucent skin reduces your foes'
                  | accuracy. (Stealth+) [Jiyva's grace]
  4005 | D:5      | Gained mutation: Your transparent skin significantly
                  | reduces your foes' accuracy. (Stealth+) [Jiyva's grace]
  4038 | D:5      | Reached XP level 7. HP: 56/56 MP: 10/10
  4143 | D:5      | Identified the +1 leather armour of the Vacuum {Int+2}
  4434 | D:6      | Found a shimmering blue altar of Sif Muna.
  4435 | D:6      | Found an opulent altar of Gozag.
  4435 | D:6      | Found a hide-covered altar of Uskayaw.
  4437 | D:6      | Found a white marble altar of Elyvilon.
  4668 | D:6      | Reached XP level 8. HP: 56/63 MP: 12/12
  5001 | D:7      | Noticed a yak
  5002 | D:7      | Noticed a yak
  5004 | D:7      | Noticed a yak
  5004 | D:7      | Noticed a yak
  5018 | D:7      | Killed a yak
  5020 | D:7      | Killed a yak
  5021 | D:7      | Killed a yak
  5023 | D:7      | Killed a yak
  5048 | D:7      | Noticed a hornet
  5049 | D:7      | Found an iron altar of Okawaru.
  5073 | D:7      | Killed a hornet
  5074 | D:7      | Reached XP level 9. HP: 69/69 MP: 13/15
  5328 | D:7      | Reached skill level 5 in Dodging
  5451 | D:7      | Reached skill level 9 in Stealth
  5722 | D:7      | Found a runed translucent door.
  5723 | D:7      | Noticed Crazy Yiuf
  6009 | D:7      | Killed Crazy Yiuf
  6257 | D:8      | Lost mutation: You are mostly covered in iridescent scales.
                  | (AC +4) [Jiyva's grace]
  6257 | D:8      | Lost mutation: You expend magic power (3 MP) to strengthen
                  | your wands. [Jiyva's grace]
  6257 | D:8      | Gained mutation: Your melee attacks may engulf your foes in
                  | ooze. [Jiyva's grace]
  6257 | D:8      | Gained mutation: You have a small jelly attached to you
                  | that may absorb projectiles. [Jiyva's grace]
  6257 | D:8      | Gained mutation: You have supernaturally acute eyesight.
                  | (SInv) [Jiyva's grace]
  6257 | D:8      | Gained mutation: Armour fits poorly on your pseudopods.
                  | [Jiyva's grace]
  6279 | D:8      | Reached skill level 5 in Invocations
  6428 | D:8      | Reached skill level 5 in Long Blades
  6428 | D:8      | Reached skill level 5 in Axes
  6428 | D:8      | Reached skill level 5 in Maces & Flails
  6428 | D:8      | Reached skill level 5 in Polearms
  6428 | D:8      | Reached skill level 5 in Staves
  6428 | D:8      | Reached skill level 5 in Ranged Weapons
  6428 | D:8      | Reached skill level 5 in Armour
  6428 | D:8      | Reached skill level 5 in Shields
  6428 | D:8      | Reached skill level 5 in Unarmed Combat
  6428 | D:8      | Reached skill level 5 in Spellcasting
  6428 | D:8      | Reached skill level 5 in Evocations
  6428 | D:8      | Reached XP level 10. HP: 63/77 MP: 14/17
  6827 | D:8      | Found an ancient bone altar of Kikubaaqudgha.
  7193 | D:9      | Found Heanorepn's Book Shop.
  7653 | D:9      | Lost mutation: Your transparent skin significantly reduces
                  | your foes' accuracy. (Stealth+) [Jiyva's grace]
  7653 | D:9      | Lost mutation: Potions are less effective at restoring your
                  | health. [Jiyva's grace]
  7653 | D:9      | Gained mutation: You have a pair of small horns on your
                  | head. [Jiyva's grace]
  7653 | D:9      | Gained mutation: You have a pair of horns on your head.
                  | [Jiyva's grace]
  7653 | D:9      | Gained mutation: You have a pair of large horns on your
                  | head. [Jiyva's grace]
  7653 | D:9      | Gained mutation: You are very agile. (Dex +8, Str/Int -2)
                  | [Jiyva's grace]
  7714 | D:9      | Noticed a two-headed ogre
  7730 | D:9      | Killed a two-headed ogre
  8047 | D:10     | Entered Level 10 of the Dungeon
  8065 | D:10     | Found Dola's Book Shoppe.
  8250 | D:10     | Reached skill level 5 in Conjurations
  8250 | D:10     | Reached skill level 5 in Hexes
  8250 | D:10     | Reached skill level 5 in Summonings
  8250 | D:10     | Reached skill level 5 in Necromancy
  8250 | D:10     | Reached skill level 5 in Translocations
  8250 | D:10     | Reached skill level 5 in Transmutations
  8250 | D:10     | Reached skill level 5 in Fire Magic
  8250 | D:10     | Reached skill level 5 in Ice Magic
  8250 | D:10     | Reached skill level 5 in Air Magic
  8250 | D:10     | Reached skill level 5 in Earth Magic
  8250 | D:10     | Reached skill level 5 in Poison Magic
  8441 | D:10     | Reached XP level 11. HP: 65/85 MP: 18/20
  8443 | D:10     | Reached skill level 10 in Stealth
  8716 | D:10     | Noticed a yaktaur captain
  8716 | D:10     | Noticed an orc knight
  8716 | D:10     | Noticed a cyclops
  8716 | D:10     | Noticed a centaur warrior
  8716 | D:10     | Noticed a two-headed ogre
  8722 | D:10     | Killed a two-headed ogre
  8724 | D:10     | Killed a centaur warrior
  8730 | D:10     | Killed a yaktaur captain
  8731 | D:10     | Killed an orc knight
  8737 | D:10     | Killed a cyclops
  9191 | D:11     | Noticed a two-headed ogre
  9330 | D:11     | Found a staircase to the Orcish Mines.
  9436 | D:11     | Lost mutation: You have a pair of large horns on your head.
                  | [Jiyva's grace]
  9436 | D:11     | Lost mutation: You are partially covered in iridescent
                  | scales. (AC +2) [Jiyva's grace]
  9436 | D:11     | Gained mutation: Your natural rate of healing is unusually
                  | fast. [Jiyva's grace]
  9436 | D:11     | Gained mutation: You heal very quickly. [Jiyva's grace]
  9436 | D:11     | Gained mutation: You regenerate. [Jiyva's grace]
  9436 | D:11     | Gained mutation: Your transparent skin significantly
                  | reduces your foes' accuracy. (Stealth+) [Jiyva's grace]
  9621 | D:11     | Noticed a deep elf pyromancer
  9664 | D:11     | Killed a deep elf pyromancer
  9740 | D:11     | Killed a two-headed ogre
  9833 | D:11     | Found a staircase to the Lair.
 10250 | D:11     | Noticed a cyclops
 10261 | D:11     | Killed a cyclops
 10262 | D:11     | Reached XP level 12. HP: 64/94 MP: 22/22
 10486 | Lair:1   | Entered Level 1 of the Lair of Beasts
 10486 | Lair:1   | Noticed a death yak
 10873 | Lair:1   | Learned a level 4 spell: Iskenderun's Mystic Blast
 11349 | Lair:1   | Noticed a death yak
 11355 | Lair:1   | Noticed a death yak
 11385 | Lair:1   | Killed a death yak
 11389 | Lair:1   | Killed a death yak
 11392 | Lair:1   | Killed a death yak
 11393 | Lair:1   | Reached skill level 11 in Stealth
 11601 | Lair:1   | Upgraded the game from 0.29-a0-1009-g60c99734e7 to
                  | 0.29-a0-1016-g236c7fd91e
 11652 | Lair:2   | Lost mutation: You have a pair of horns on your head.
                  | [Jiyva's grace]
 11652 | Lair:2   | Lost mutation: You are very agile. (Dex +8, Str/Int -2)
                  | [Jiyva's grace]
 11652 | Lair:2   | Lost mutation: You regenerate. [Jiyva's grace]
 11652 | Lair:2   | Lost mutation: You are covered in slimy tendrils that may
                  | disarm your opponents. [Jiyva's grace]
 11652 | Lair:2   | Gained mutation: You are very agile. (Dex +8, Str/Int -2)
                  | [Jiyva's grace]
 11652 | Lair:2   | Gained mutation: Your muscles are strong. (Str +4, Int/Dex
                  | -1) [Jiyva's grace]
 11652 | Lair:2   | Gained mutation: Your muscles are very strong. (Str +8,
                  | Int/Dex -2) [Jiyva's grace]
 11652 | Lair:2   | Gained mutation: You have acidic saliva. [Jiyva's grace]
 11677 | Lair:2   | Found a staircase to the Shoals.
 12198 | Lair:2   | Found a staircase to the Snake Pit.
 12677 | Lair:2   | Reached XP level 13. HP: 101/101 MP: 25/25
 13132 | Lair:3   | Noticed a fire dragon
 13174 | Lair:3   | Noticed Sonja
 13267 | Lair:3   | Noticed Fannar
 13372 | Lair:3   | Found a frozen archway.
 13565 | Lair:3   | Killed Fannar
 13765 | Lair:3   | Killed Sonja
 14156 | Lair:4   | Lost mutation: You have a pair of small horns on your head.
                  | [Jiyva's grace]
 14156 | Lair:4   | Lost mutation: You are very agile. (Dex +8, Str/Int -2)
                  | [Jiyva's grace]
 14156 | Lair:4   | Lost mutation: You heal very quickly. [Jiyva's grace]
 14156 | Lair:4   | Lost mutation: Your natural rate of healing is unusually
                  | fast. [Jiyva's grace]
 14156 | Lair:4   | Lost mutation: Your muscles are very strong. (Str +8,
                  | Int/Dex -2) [Jiyva's grace]
 14156 | Lair:4   | Lost mutation: You have acidic saliva. [Jiyva's grace]
 14156 | Lair:4   | Lost mutation: Your transparent skin significantly reduces
                  | your foes' accuracy. (Stealth+) [Jiyva's grace]
 14156 | Lair:4   | Gained mutation: Your flesh is heat resistant. (rF+)
                  | [Jiyva's grace]
 14156 | Lair:4   | Gained mutation: Your flesh is very heat resistant. (rF++)
                  | [Jiyva's grace]
 14156 | Lair:4   | Gained mutation: Your flesh is almost immune to the effects
                  | of heat. (rF+++) [Jiyva's grace]
 14156 | Lair:4   | Gained mutation: You have an increased reservoir of magic.
                  | (+10% MP) [Jiyva's grace]
 14262 | Lair:4   | Found a viscous altar of Jiyva.
 14262 | Lair:4   | Found a staircase to the Slime Pits.
 14421 | Lair:4   | Reached skill level 10 in Fighting
 14421 | Lair:4   | Reached skill level 10 in Short Blades
 14421 | Lair:4   | Reached skill level 10 in Throwing
 15132 | Lair:4   | Upgraded the game from 0.29-a0-1016-g236c7fd91e to
                  | 0.29-a0-1019-g84f7d21838
 15203 | Lair:5   | Entered Level 5 of the Lair of Beasts
 15203 | Lair:5   | Noticed Snorg
 15234 | Lair:5   | Reached XP level 14. HP: 92/110 MP: 29/29
 15260 | Lair:5   | Mangled by a seven-headed hydra

Illustrated notes

Levels and vault maps discovered:
D:1:      dpeg_arrival_tiny_k, layout_loops_cross,
          dreamdust_ecumenical_altar_drowned_temple
D:2:      layout_basic, minivault_19, uniq_sigmund
D:3:      layout_basic, serial_shops, shop
D:4:      layout_layer_cave, uniq_natasha, uniq_duvessa
D:5:      layout_basic, gammafunk_ghost_grave, dreamdust_wishing_well,
          kennysheep_generic_room_2, uniq_menkaure, uniq_blork_the_orc
D:6:      layout_basic, grunt_temple_overflow_open
D:7:      layout_basic, okawaru_trees_2, minmay_temple_entry_from_below_b,
          nicolae_elevator_lobby_plus, uniq_crazy_yiuf_cottage
D:8:      layout_rooms, kiku_gazebo_pond_becter
D:9:      layout_stronghold, serial_shops, shop_fountains, grunt_ministairs_10
D:10:     layout_stronghold, serial_shops,
          nicolae_shop_temple_entry_statues_fountains, serial_column_ruins,
          column_ruins_hut_water, column_ruins_hut_water,
          column_ruins_columns_straight, column_ruins_grid_1,
          column_ruins_open_tiny, column_ruins_columns_plus,
          column_ruins_columns_straight, column_ruins_open_tiny, wad_scary_box
D:11:     layout_gridville, erik_lair_dragon, solitary_fountain
Lair:1:   layout_chaotic_city, wad_woods_river_01
Lair:2:   kb_forest_paths, layout_loops_ring, elwin_shoals_entry_stream,
          serial_bayou_shore_a
Lair:3:   dragon1_lemuel, layout_gridlike, portal_ice_cave_entry_pillars_2,
          kennysheep_catoblepas_arena, uniq_fannar, uniq_sonja
Lair:4:   layout_small_grid, nicolae_slime_entry_slimehenge
Lair:5:   minmay_lair_end_enchanted_forest, layout_loops_ring,
          grunt_megastairs_1, uniq_kirke, uniq_snorg

Skill      XL: |  1  2  3  4  5  6  7  8  9 10 11 12 13 |
---------------+----------------------------------------+-----
Invocations    | 1 2 3 4 5 6 7 8 9 |  9.9
Long Blades    | 1 2 3 4 5 6 7 8 9 |  9.1
Axes           | 1 2 3 4 5 6 7 8 9 |  9.1
Maces & Flails | 1 2 3 4 5 6 7 8 9 |  9.1
Polearms       | 1 2 3 4 5 6 7 8 9 |  9.1
Staves         | 1 2 3 4 5 6 7 8 9 |  9.1
Ranged Weapons | 1 2 3 4 5 6 7 8 9 |  9.1
Armour         | 1 2 3 4 5 6 7 8 9 |  9.1
Shields        | 1 2 3 4 5 6 7 8 9 |  9.1
Unarmed Combat | 1 2 3 4 5 6 7 8 9 |  9.1
Spellcasting   | 1 2 3 4 5 6 7 8 9 |  9.1
Evocations     | 1 2 3 4 5 6 7 8 9 |  9.1
Conjurations   | 1 2 3 4 5 6 7 |  7.6
Hexes          | 1 2 3 4 5 6 7 |  7.6
Summonings     | 1 2 3 4 5 6 7 |  7.6
Necromancy     | 1 2 3 4 5 6 7 |  7.6
Translocations | 1 2 3 4 5 6 7 |  7.6
Transmutations | 1 2 3 4 5 6 7 |  7.6
Fire Magic     | 1 2 3 4 5 6 7 |  7.6
Ice Magic      | 1 2 3 4 5 6 7 |  7.6
Air Magic      | 1 2 3 4 5 6 7 |  7.6
Earth Magic    | 1 2 3 4 5 6 7 |  7.6
Poison Magic   | 1 2 3 4 5 6 7 |  7.6
Dodging        | 3 4 5 6 7 8 9 |  9.5
Stealth        | 8 9 10 11 | 11.9
Fighting       | 5 6 7 8 9 10 | 10.2
Short Blades   | 5 6 7 8 9 10 | 10.2
Throwing       | 5 6 7 8 9 10 | 10.2

Action                   |  1- 3 |  4- 6 |  7- 9 | 10-12 | 13-15 || total
-------------------------+-------+-------+-------+-------+-------++-------
Melee: Dagger            |    78 |   110 |   238 |   373 |   220 ||  1019
       Bite              |     5 |    22 |    32 |    84 |    76 ||   219
       Punch             |       |     2 |    15 |    34 |    35 ||    86
       War axe           |       |       |     8 |    50 |    40 ||    98
       Pseudopods        |       |       |     3 |   156 |   121 ||   280
       Halberd           |       |       |       |    38 |     9 ||    47
       Mace              |       |       |       |    93 |       ||    93
       Headbutt          |       |       |       |   131 |    81 ||   212
       Trident           |       |       |       |       |   136 ||   136
Throw: Dart              |     6 |     4 |     2 |    22 |       ||    34
 Cast: Iskenderun's Myst |       |       |       |       |     7 ||     7
Invok: Oozemancy         |       |     2 |     5 |     7 |     5 ||    19
       Slimify           |       |       |     1 |       |       ||     1
Evoke: Wand              |       |       |     1 |     3 |     2 ||     6
  Use: Potion            |     1 |       |     2 |     4 |       ||     7
       Scroll            |       |     6 |     3 |     4 |     1 ||    14
 Stab: Sleeping          |    10 |     4 |     6 |    17 |     5 ||    42
       Confused          |       |       |       |     3 |       ||     3
       Distracted        |       |       |       |       |     2 ||     2
Armor: Robe              |    12 |    17 |       |       |       ||    29
       Leather armour    |       |       |    41 |    38 |    48 ||   127
Dodge: Dodged            |    36 |    35 |   182 |   412 |   342 ||  1007
Block: Other             |     1 |    18 |    53 |       |       ||    72
       Reflection        |       |       |     5 |       |       ||     5

Table legend: (Time is in decaauts)
 A = Elapsed time spent in this place.
 B = Non-inter-level travel time spent in this place.
 C = Inter-level travel time spent in this place.
 D = Time resting spent in this place.
 E = Time spent auto-exploring this place.
 F = Levels seen in this place.
 G = Mean time per level.
                   A        B        C        D        E       F      G
               +--------+--------+--------+--------+--------+-----+--------+
         Total |  14886 |  14308 |    578 |   1865 |   8556 |  16 |  930.4 |
       Dungeon |  10324 |   9843 |    481 |   1239 |   6304 |  11 |  938.5 |
          Lair |   4561 |   4464 |     97 |    626 |   2251 |   5 |  912.2 |
               +--------+--------+--------+--------+--------+-----+--------+

Top non-repeatable levels by time:
     D:4: 1454 daAuts
  Lair:3: 1296 daAuts
     D:7: 1276 daAuts
    D:11: 1267 daAuts
    D:10: 1179 daAuts
  Lair:2: 1141 daAuts
  Lair:1: 1069 daAuts
  Lair:4: 1000 daAuts
     D:1: 947 daAuts
     D:9: 925 daAuts
     D:8: 827 daAuts
     D:3: 714 daAuts
     D:2: 674 daAuts
     D:5: 556 daAuts
     D:6: 503 daAuts
